 Dungeon Crawl Stone Soup version 0.27-a0-660-g90476cec82 (webtiles) character file.

Game seed: 3579205070521252348

112 tilp the Insei (level 4, 0/29 HPs)
             Began as an Octopode Transmuter on Mar 16, 2021.
             Slain by a goblin
             ... wielding a +0 club
              (8 damage)
             ... on level 3 of the Dungeon.
             The game lasted 00:03:47 (2732 turns).

tilp the Insei (Octopode Transmuter)                Turns: 2732, Time: 00:03:48

Health: 0/29       AC:  1    Str:  9    XL:     4   Next: 93%
Magic:  7/7        EV: 13    Int: 16    God:
Gold:   174        SH:  0    Dex: 12    Spells: 4/7 levels left

rFire    . . .     SeeInvis +     - Unarmed
rCold    . . .     Faith    .   (no shield)
rNeg     . . .     Spirit   .   (helmet currently unavailable)
rPois    .         Reflect  .   (no amulet)
rElec    .         Harm     .   d - ring of see invisible
rCorr    .         Rampage  .   (no ring)
Will     .....                  (no ring)
Stlth    +++.......             (no ring)
HPRegen  0.09/turn              (no ring)
MPRegen  0.10/turn              (no ring)
                                (no ring)
                                (no ring)

@: appendages (expiring)
A: tentacle spike 3, almost no armour, amphibious, 8 rings, camouflage 1,
gelatinous body 1, nimble swimmer 1, tentacles
a: End Transformation


You were on level 3 of the Dungeon.
One of your tentacles had grown a beastly spike.
You visited 1 branch of the dungeon, and saw 3 of its levels.

You collected 174 gold pieces.

Inventory:

Missiles
 a - 134 stones (quivered)
Jewellery
 d - a ring of see invisible (left tentacle)
Scrolls
 f - a scroll of teleportation
Potions
 b - a potion of heal wounds {unknown}
 c - a potion of brilliance
 e - a potion of attraction {unknown}
 g - 2 potions of haste {unknown}
 h - a potion of magic {unknown}
 i - a potion of curing {unknown}


   Skills:
 + Level 2.0 Fighting
 - Level 2.0 Dodging
 - Level 4.0 Stealth
 * Level 4.1 Unarmed Combat
 - Level 2.0 Spellcasting
 - Level 2.0 Transmutations


You had 4 spell levels left.
You knew the following spells:

 Your Spells              Type           Power      Damage    Failure   Level
a - Beastly Appendage     Tmut           16%        N/A       9%          1
b - Wereblood             Tmut           8%         N/A       14%         2

Your spell library contained the following spells:

 Spells                   Type           Power      Damage    Failure   Level
 Spider Form              Tmut/Pois      2%         N/A       38%         3
 Ice Form                 Ice/Tmut       4%         N/A       80%         4
 Blade Hands              Tmut           4%         N/A       94%         5


Dungeon Overview and Level Annotations

Branches:
Dungeon (3/15)

Altars:


Innate Abilities, Weirdness & Mutations

One of your tentacles has grown a beastly spike.
You cannot wear most types of armour.
You are amphibious.
You can wear up to eight rings at the same time.
Your skin changes colour to match your surroundings (Stealth+).
Your rubbery body absorbs attacks. (AC +1, EV +1)
You are stealthy while swimming. (Stealth+)
You have tentacles for arms and can constrict up to eight enemies at once.


Message History

You constrict the goblin.
You kill the goblin!
You tentacle-slap the quokka.
You kill the quokka!
Your Fighting skill increases to level 2!
Things that are here:
a +0 club; a hobgoblin corpse; a goblin corpse A nearby plant withers and dies.
Your primal bloodlust is almost over.
You howl as the wereblood boils in your veins!
Your primal bloodlust has ended.
HP restored.
You now have 174 gold pieces (gained 8).
A goblin comes into view.
It is wielding a +0 club. 2 gnolls come into view.
Found a war axe and a scroll of identify.
A gnoll comes into view. It is wielding a +0 spear.
The gnoll shouts! x2; The goblin shouts!
You hear an angry hiss.
A goblin opens the large door.
You throw a stone. The stone closely misses the gnoll.
The stone hits the goblin but does no damage.
You throw a stone.
The stone hits the gnoll but does no damage.
Casting: Wereblood (safe; 14% risk of failure)
Confirm with . or Enter, or press ? or * to list all spells.
One of your tentacles grows a vicious spike.
The gnoll hits you from afar with a +0 halberd!
Ouch! That really hurt!
The gnoll closely misses you.
You closely miss the gnoll. You grab the gnoll.
You pierce the gnoll.
The gnoll is moderately wounded.
You constrict the gnoll. The gnoll barely misses you.
You barely miss the gnoll.
You pierce the gnoll.
You squeeze the gnoll.
You kill the gnoll!
The gnoll hits you from afar with a +0 spear.
* * * LOW HITPOINT WARNING * * *
Your transformation is almost over.
There is a stone staircase leading up here.
The goblin hits you with a +0 club!
You die...

########### #####.........#
#.......#####.# #####
#.###.........# #...# ####.#
#......#.####
#.#.###>...###gg@...#....######
(.(.)........................>#
###.###.####.#......#.##.####.#
..≈≈.P≈.####.#....###.#...#)..#
#≈PP≈PPP..##.#.....##.#.###.###
#PP≈≈≈P.≈.#........##.......#
#P≈≈≈≈≈P..#..##...........###
PP≈♣♣†♣PP.#..............<#
P≈≈≈♣≈≈≈P≈#.....##........#


You could see a gnoll and a goblin.

Vanquished Creatures
  4 adders
  A gnoll (D:3)
  An ooze (D:1)
  2 worms
  2 dart slugs
  2 leopard geckos
  6 bats
  3 giant cockroaches (D:1)
  4 goblins
  3 hobgoblins
  9 kobolds
  2 quokkas
  4 frilled lizards
  9 rats
52 creatures vanquished.

Vanquished Creatures (others)
  5 plants (D:3)
5 creatures vanquished.

Grand Total: 57 creatures vanquished

Notes
Turn   | Place    | Note
-------+----------+-------------------------------------------
     0 | D:1      | tilp the Octopode Transmuter began the quest for the Orb.
     0 | D:1      | Reached XP level 1. HP: 13/13 MP: 3/3
    79 | D:1      | Reached skill level 1 in Stealth
   303 | D:1      | Reached XP level 2. HP: 18/18 MP: 3/5
   306 | D:1      | Learned a level 2 spell: Wereblood
   784 | D:1      | Reached XP level 3. HP: 19/23 MP: 0/6
  1841 | D:2      | Reached XP level 4. HP: 14/28 MP: 4/7
  2732 | D:3      | Slain by a goblin

Illustrated notes

Levels and vault maps discovered:
D:1:      onia_arrival_mini_spirals, layout_rooms, minmay_unequal
D:2:      wander_river, layout_loops_ring
D:3:      layout_basic, lemuel_doored_altar, serial_bayou_lagoon_a

Skill      XL: |  1  2  3  4 |
---------------+-------------+-----
Stealth        | 2 3 4 |  4.0
Unarmed Combat | 4 |  4.1
Fighting       | 2 |  2.0
Dodging        | |  2.0
Spellcasting   | |  2.0
Transmutations | |  2.0

Action                   |  1- 3 |  4- 6 || total
-------------------------+-------+-------++-------
Melee: Unarmed           |    80 |    40 ||   120
       Constrict         |    27 |     9 ||    36
       Kick              |    17 |     7 ||    24
       Tentacles         |    14 |     9 ||    23
       Punch             |       |     1 ||     1
Throw: Stone             |       |     2 ||     2
 Cast: Beastly Appendage |    16 |     5 ||    21
       Wereblood         |     5 |     2 ||     7
  Use: Scroll            |     4 |     3 ||     7
 Stab: Sleeping          |     4 |       ||     4
Armor: Skin              |    10 |       ||    10
Dodge: Dodged            |    37 |    18 ||    55

Table legend: (Time is in decaauts)
 A = Elapsed time spent in this place.
 B = Non-inter-level travel time spent in this place.
 C = Inter-level travel time spent in this place.
 D = Time resting spent in this place.
 E = Time spent auto-exploring this place.
 F = Levels seen in this place.
 G = Mean time per level.
                   A        B        C        D        E       F      G
               +--------+--------+--------+--------+--------+-----+--------+
         Total |   2723 |   2675 |     48 |    341 |   1926 |   3 |  907.7 |
       Dungeon |   2723 |   2675 |     48 |    341 |   1926 |   3 |  907.7 |
               +--------+--------+--------+--------+--------+-----+--------+

Top non-repeatable levels by time:
     D:1: 1409 daAuts
     D:2: 1068 daAuts
     D:3: 245 daAuts
